 Dungeon Crawl Stone Soup version 0.29.1-12-g30fa7ad0bf (webtiles) character file.

Game seed: 7631720155390597234

2974 FexLirch the Thaumaturge (level 10, 0/76 (77) HPs)
             Began as a Meteoran Earth Elementalist on Jan 3, 2023.
             Was a Believer of Cheibriados.
             Slain by a wight
             ... wielding a +0 trident
              (7 damage)
             ... on level 7 of the Dungeon.
             The game lasted 00:17:40 (1397 turns).

FexLirch the Thaumaturge (MeEE)                     Turns: 1397, Time: 00:17:41

HP:   0/76 (77)     AC:  5    Str: 15    XL:     10   Next: 29%
MP:   24/28         EV: 14    Int: 25    God:    Cheibriados [**....]
Gold: 0             SH:  0    Dex: 21    Spells: 29/35 levels left

rFire   . . .      SeeInvis .   r - +3 scimitar
rCold   . . .      Faith    .   (no shield)
rNeg    + . .      Spirit   .   c - +1 leather armour
rPois   .          Reflect  .   (no helmet)
rElec   .          Harm     .   n - +0 cloak
rCorr   .          Rampage  .   (no gloves)
Will    +....                   (no boots)
Stlth   +.........              e - amulet of magic regeneration
HPRegen 0.22/turn               q - ring of positive energy
MPRegen 0.61/turn               (no ring)

@: glowing, lightly drained, very slow
A: sense surroundings 2, otherworldly, glowing, explore regen
a: Renounce Religion, Bend Time


You were on level 7 of the Dungeon.
You worshipped Cheibriados.
Cheibriados was pleased with you.
You visited 2 branches of the dungeon, and saw 9 of its levels.

Inventory:

Hand Weapons
 r - a +3 scimitar (weapon)
Armour
 a - a +0 robe
 c - a +1 leather armour (worn)
 h - +0 steam dragon scales
 n - a +0 cloak (worn)
Jewellery
 e - an amulet of magic regeneration (around neck)
 k - an amulet of reflection
 q - a ring of positive energy (left hand)
Wands
 l - a wand of mindburst (15)
 o - a wand of iceblast (8)
Scrolls
 i - a scroll of summoning
 p - a scroll of poison {unknown}
 s - a scroll of noise {unknown}
Potions
 b - a potion of magic
 d - a potion of curing
 f - a potion of might
 g - 2 potions of lignification {unknown}
 j - a potion of brilliance {unknown}
 m - 2 potions of ambrosia {unknown}


   Skills:
 + Level 3.6 Fighting
 + Level 4.8 Dodging
 - Level 1.4 Stealth
 * Level 13.3 Spellcasting
 - Level 4.0 Conjurations
 - Level 1.2 Transmutations
 - Level 6.0 Earth Magic


You had 29 spell levels left.
You knew the following spells:

 Your Spells              Type           Power      Damage    Failure   Level
a - Sandblast             Erth           92%        2d19      1%          1
b - Passwall              Tmut/Erth      28%        N/A       1%          2
c - Stone Arrow           Conj/Erth      82%        3d12      1%          3

Your spell library contained the following spells:

 Spells                   Type           Power      Damage    Failure   Level
 Petrify                  Tmut/Erth      34%        N/A       10%         4
 Conjure Ball Lightning   Conj/Air       13%        3x3d6     96%         6
 Discord                  Hex            8%         N/A       100%        8
 Disjunction              Tloc           8%         N/A       100%        8


Dungeon Overview and Level Annotations

Branches:
Dungeon (8/15) Zot: 5250   Temple (1/1) D:4 Zot: 842
   Lair: D:8-11

Altars:
Cheibriados
Dithmenos
Elyvilon
Gozag
Hepliaklqana
Makhleb
Nemelex Xobeh
Okawaru
Qazlal
Ru
Sif Muna
Trog
Uskayaw
Vehumet
Xom
Yredelemnul
Zin
The Shining One

Annotations:
D:8 2 transporters
Temple 2 transporters


Innate Abilities, Weirdness & Mutations

You passively map the area around you.
You are easily found by Zot.
You glow in the dark.
You regain HP and MP as you explore.


Message History

You are engulfed in a cloud of scalding steam.
Casting: Stone Arrow (safe; 1% risk of failure)
Confirm with . or Enter, or press ? or * to list all spells.
Aiming: Stone Arrow (safe; 1% risk of failure)
Press: ? - help, Shift-Dir - straight line, f/p - howler monkey
Aim: a howler monkey (heavily wounded, 71% to hit)
Okay, then.
Unknown command.
The howler monkey hits you but does no damage.
Casting: Stone Arrow (safe; 1% risk of failure)
Confirm with . or Enter, or press ? or * to list all spells.
Aiming: Stone Arrow (safe; 1% risk of failure)
Press: ? - help, Shift-Dir - straight line, f - steam dragon, p - howler monkey
Aim: a steam dragon (moderately wounded, 74% to hit)
The stone arrow hits the steam dragon!!
You kill the steam dragon!
Cheibriados thoroughly appreciates the change of pace.
You are engulfed in a cloud of scalding steam.
* * * LOW HITPOINT WARNING * * *
The howler monkey hits you.
* * * LOW HITPOINT WARNING * * *
Casting: Stone Arrow (safe; 1% risk of failure)
Confirm with . or Enter, or press ? or * to list all spells.
Aiming: Stone Arrow (safe; 1% risk of failure)
Press: ? - help, Shift-Dir - straight line, f - howler monkey
Aim: a howler monkey (heavily wounded, 73% to hit)
The stone arrow hits the howler monkey!
You kill the howler monkey!
Cheibriados thoroughly appreciates the change of pace.
Cheibriados raises the support of your attributes as your movement slows.
There is a stone staircase leading up here.
You climb upwards.
The gnoll sergeant shouts!
The gnoll shouts! x2
The wight hits you with a +3 great sword!
* * * LOW HITPOINT WARNING * * *
The wight hits you from afar with a +3 halberd!
* * * LOW HITPOINT WARNING * * *
You partially resist.
You feel drained.
The wight hits you from afar with a +0 trident!
You die... * * * , , *,* * , ** * ### * * , , ..# * . , , #.# * *, #* , , , ggg,,

* , *
#g# *
* *
#z# ,
, , ,
#@# ,
**
#z#
** *
* *
#zz,,
, * *
####*
*** *
,* *


You could see a gnoll sergeant, 4 wights and 3 gnolls.

Vanquished Creatures
  Joseph (D:8)
  Menkaure (D:5)
  2 steam dragons
  Edmund (D:5)
  A water moccasin (D:6)
  2 orc warriors
  2 black bears
  2 ice beasts
  An ogre (D:6)
  A centaur (D:6)
  A necrophage (D:4)
  A gnoll sergeant (D:7)
  3 scorpions
  3 wights (D:8)
  3 howler monkeys
  An electric eel (D:6)
  A hound (D:5)
  2 orc priests
  A gnoll bouda (D:6)
  6 iguanas
  5 orc wizards
  8 gnolls
  2 adders
  2 white imps (D:5)
  2 ufetubi
  A worm (D:2)
  A dart slug (D:4)
  15 orcs
  2 ball pythons
  6 endoplasms
  3 giant cockroaches
  4 goblins
  3 hobgoblins
  2 kobolds
  A quokka (D:4)
  3 bats
  3 frilled lizards
  4 rats
103 creatures vanquished.

Vanquished Creatures (collateral kills)
  A phantom (D:6)
  An orc priest (D:6)
  2 orc wizards (D:6)
  2 gnolls (D:6)
  2 orcs (D:6)
8 creatures vanquished.

Vanquished Creatures (others)
  A plant (D:1)
1 creature vanquished.

Grand Total: 112 creatures vanquished

Notes
Turn   | Place    | Note
-------+----------+-------------------------------------------
     0 | D:1      | FexLirch the Meteoran Earth Elementalist began the quest
                  | for the Orb.
     0 | D:1      | Reached XP level 1. HP: 14/14 MP: 5/5
    29 | D:1      | Reached XP level 2. HP: 20/20 MP: 0/6
    32 | D:1      | Learned a level 2 spell: Passwall
    49 | D:1      | Reached skill level 3 in Spellcasting
    49 | D:1      | Reached skill level 1 in Conjurations
   158 | D:1      | Reached XP level 3. HP: 21/26 MP: 5/8
   162 | D:1      | Learned a level 3 spell: Stone Arrow
   278 | D:2      | Reached XP level 4. HP: 33/33 MP: 7/10
   330 | D:3      | Found a radiant altar of Vehumet.
   411 | D:3      | Reached skill level 4 in Spellcasting
   411 | D:3      | Reached XP level 5. HP: 9/38 MP: 2/12
   446 | D:3      | Found a faded altar of an unknown god.
   476 | D:4      | Noticed a necrophage
   492 | D:4      | Killed a necrophage
   493 | D:4      | Reached skill level 5 in Earth Magic
   493 | D:4      | Reached XP level 6. HP: 26/45 MP: 1/13
   524 | D:5      | Entered Level 5 of the Dungeon
   596 | D:5      | Reached skill level 5 in Spellcasting
   599 | D:5      | Reached XP level 7. HP: 47/50 MP: 0/15
   715 | D:4      | Found a staircase to the Ecumenical Temple.
   725 | D:4      | Reached skill level 6 in Spellcasting
   728 | Temple   | Entered the Ecumenical Temple
   728 | Temple   | Found a transporter.
   728 | Temple   | Found a transporter.
   730 | Temple   | Found a transporter.
   730 | Temple   | Found a transporter.
   753 | Temple   | Became a worshipper of Cheibriados the Contemplative
   794 | D:5      | Noticed Menkaure
   798 | D:5      | Killed Menkaure
   799 | D:5      | Reached skill level 7 in Spellcasting
   799 | D:5      | Reached XP level 8. HP: 30/57 MP: 11/19
   869 | D:5      | Reached skill level 8 in Spellcasting
   964 | D:5      | Noticed Edmund
   967 | D:5      | Killed Edmund
   968 | D:5      | Reached skill level 9 in Spellcasting
  1036 | D:6      | Reached * piety under Cheibriados
  1041 | D:6      | Reached skill level 10 in Spellcasting
  1041 | D:6      | Gained mutation: You passively map the area around you.
                  | [Meteoran growth]
  1041 | D:6      | Reached XP level 9. HP: 4/62 MP: 6/24
  1058 | D:6      | Identified the +0 kite shield of the Trout {Harm SInv}
  1066 | D:6      | Reached skill level 11 in Spellcasting
  1156 | D:6      | Reached skill level 12 in Spellcasting
  1208 | D:7      | Reached skill level 1 in Fighting
  1298 | D:7      | Reached ** piety under Cheibriados
  1343 | D:8      | Found a transporter.
  1343 | D:8      | Found a transporter.
  1347 | D:8      | Reached XP level 10. HP: 74/74 MP: 18/27
  1357 | D:8      | Noticed Joseph
  1367 | D:8      | Killed Joseph
  1368 | D:8      | Reached skill level 13 in Spellcasting
  1397 | D:7      | Slain by a wight

Illustrated notes

Levels and vault maps discovered:
D:1:      minmay_arrival_doors, layout_basic, serial_forest,
          infiniplex_forest_zigzag_1, infiniplex_forest_3_way,
          infiniplex_forest_straight_1, infiniplex_forest_lined_2,
          infiniplex_forest_clump_long, grunt_decor_cap, minmay_misc_feat_doors,
          chequers_serial_rivers_large_b
D:2:      layout_rooms
D:3:      layout_loops_ring, mainiacjoe_overflow_24_doors,
          chequers_ecumenical_altar_simple_redux, grunt_ministairs_4
D:4:      layout_cave_pods, marbit_many_paths, kennysheep_mini,
          minmay_temple_entry_mist, hangedman_feature_mirror
D:5:      layout_loops_ring, uniq_menkaure, uniq_edmund
D:6:      layout_cave_pools, nicolae_water_bricks, chequers_mini_garden
D:7:      layout_loops_ring
D:8:      layout_rooms, nicolae_diode_quadrants, uniq_joseph
Temple:   hellmonk_temple_divided_pantheon

Skill      XL: |  1  2  3  4  5  6  7  8  9 10 |
---------------+-------------------------------+-----
Spellcasting   | 3 4 5 7 10 12 13 | 13.3
Conjurations   | 1 2 3 4 |  4.0
Earth Magic    | 4 5 6 |  6.0
Fighting       | 2 3 |  3.6
Dodging        | 3 4 |  4.8
Stealth        | |  1.4
Transmutations | |  1.2

Action                   |  1- 3 |  4- 6 |  7- 9 | 10-12 || total
-------------------------+-------+-------+-------+-------++-------
Melee: Unarmed           |     3 |     9 |       |       ||    12
 Cast: Sandblast         |    31 |    39 |    13 |       ||    83
       Passwall          |       |     2 |     1 |       ||     3
       Stone Arrow       |       |     9 |    84 |    15 ||   108
  Use: Scroll            |       |     1 |     3 |       ||     4
       Potion            |       |       |     5 |       ||     5
Armor: Leather armour    |     2 |     7 |    25 |     2 ||    36
Dodge: Dodged            |     4 |    12 |    47 |     2 ||    65
